[Event "Titled Tuesday Blitz April 18 Early 2023"]
[White "Sailer, Mike"]
[Black "Zacurdajev, Dmitry"]
[WhiteFideId "2012901"]
[BlackFideId "4196309"]
[WhiteElo "2109"]
[BlackElo "2189"]
[Result "1-0"]
[Round "06"]
[TimeControl "180+2"]
[Date "2023.04.18"]
[WhiteClock "0:00:15"]
[BlackClock "0:00:24"]

1. d4 d5 2. Bg5 Nf6 3. Bxf6 exf6 4. e3 Bd6 5. c4 dxc4 6. Bxc4 f5 7. Nc3 O-O 8. Nge2 c6 9. O-O Nd7 10. a3 Nf6 11. b4 Qc7 12. g3 Ne4 13. Rc1 Qe7 14. Nf4 Qg5 15. Nce2 Qh6 16. h4 g5 17. hxg5 Nxg5 18. Kg2 Be6 19. Rh1 Qf6 20. Nh5 Qe7 21. Bxe6 fxe6 22. Nef4 e5 23. Qb3+ Rf7 24. dxe5 Qxe5 25. Qc4 Re8 26. Rcd1 Qe4+ 27. Qxe4 Nxe4 28. f3 Bxf4 29. Nxf4 Nc3 30. Rd3 Nb5 31. Kf2 Ree7 32. Rhd1 h6 33. Nh5 Re8 34. Rd7 Nc3 35. Rxf7 Kxf7 36. Rd7+ Re7 37. Rxe7+ Kxe7 38. Nf4 Nb1 39. a4 Nc3 40. a5 Na2 41. Nd3 b6 42. a6 Nc3 43. Ke1 Nd5 44. Kd2 Nc7 45. b5 cxb5 46. Nb4 Kd6 47. Kd3 Kc5 48. Kc3 Nd5+ 49. Nxd5 Kxd5 50. Kb4 Kc6 51. e4 fxe4 52. fxe4 h5 53. e5 Kd5 54. Kxb5 Kxe5 55. Kc6 Ke4 56. Kb7 Kf3 57. Kxa7 Kxg3 58. Kxb6 h4 59. a7 h3 60. a8=Q h2 61. Qh1 Kh3 62. Kc5 Kg3 63. Kd4 Kh3 64. Ke3 Kg3 65. Ke2 Kh3 66. Kf2 Kh4 67. Qxh2+ Kg4 68. Qe5 1-0


[Site "https://www.chess.com"]

[Event "Titled Tuesday Blitz April 18 Early 2023"]
[White "Antonova, Nadezhda"]
[Black "Wisniacki, Flavio"]
[WhiteFideId "14700182"]
[BlackFideId "119229"]
[WhiteElo "1765"]
[BlackElo "2150"]
[Result "0-1"]
[Round "06"]
[TimeControl "180+2"]
[Date "2023.04.18"]
[WhiteClock "0:00:01"]
[BlackClock "0:00:05"]

1. Nf3 Nf6 2. b3 d5 3. Bb2 Bf5 4. g3 e6 5. Bg2 Be7 6. O-O h6 7. d3 c6 8. Nbd2 O-O 9. c4 Nbd7 10. Qc2 a5 11. a3 Bh7 12. Ne5 Nxe5 13. Bxe5 Nd7 14. Bc3 Bf6 15. b4 Bxc3 16. Qxc3 Qf6 17. Qxf6 Nxf6 18. Nb3 axb4 19. axb4 Rfb8 20. c5 Kf8 21. Na5 Ke7 22. Ra3 Kd7 23. Rfa1 Kc7 24. Bf1 e5 25. e3 Nd7 26. Bh3 Nf8 27. Kf1 g5 28. Ke2 h5 29. Bg2 Bf5 30. e4 dxe4 31. dxe4 Be6 32. Ke3 Nd7 33. Bf1 Nf8 34. Be2 g4 35. Nc4 Rxa3+ 36. Rxa3 Bxc4 37. Bxc4 f6 38. Bf7 Kd8 39. Bxh5 Ne6 40. Bxg4 Nd4 41. Bd1 Kc7 42. h4 Rh8 43. Rd3 b6 44. f4 bxc5 45. bxc5 Rb8 46. f5 Rb2 47. h5 Rh2 48. Bf3 Kd8 49. Rxd4+ exd4+ 50. Kxd4 Ke7 51. e5 Rd2+ 52. Ke3 Rc2 53. exf6+ Kxf6 54. g4 Rxc5 55. Kf4 Rc4+ 56. Kg3 Kg5 57. Kf2 c5 58. Be2 Rf4+ 59. Ke3 c4 60. Kd2 Re4 61. Bd1 Rd4+ 62. Kc2 c3 63. Bf3 Rf4 64. Bd1 Rf1 65. Be2 Rf2 66. Kd3 c2 67. Ke3 Rxe2+ 68. Kxe2 c1=Q 0-1


[Site "https://www.chess.com"]

[Event "Titled Tuesday Blitz April 18 Early 2023"]
[White "Saravana, Krishnan P."]
[Black "Fuzesabonyilaci"]
[WhiteFideId "5018382"]
[WhiteElo "2189"]
[BlackElo "2324"]
[Result "1/2-1/2"]
[Round "06"]
[TimeControl "180+2"]
[Date "2023.04.18"]
[WhiteClock "0:00:05"]
[BlackClock "0:00:06"]

1. e4 e5 2. Nf3 Nc6 3. Bb5 a6 4. Ba4 Bc5 5. c3 Nge7 6. d4 exd4 7. cxd4 Bb4+ 8. Nc3 d5 9. e5 Bg4 10. O-O O-O 11. Be3 f6 12. exf6 Rxf6 13. Bb3 Bxf3 14. gxf3 Rg6+ 15. Kh1 Bxc3 16. bxc3 Qd7 17. Rg1 Rf8 18. f4 Rxg1+ 19. Qxg1 Ng6 20. Qg2 Nce7 21. Rg1 Rf7 22. Bc2 Nf5 23. Qg5 c6 24. Bd3 Qe6 25. Qg4 Qf6 26. Bd2 Nd6 27. Bxg6 hxg6 28. Qxg6 Ne4 29. Qxf6 Rxf6 30. Be1 Rxf4 31. Kg2 Rg4+ 32. Kf1 Rxg1+ 33. Kxg1 Kf7 34. f3 Nd6 35. Kf2 Ke6 36. Ke3 Kf5 37. Bg3 Nc4+ 38. Kd3 b5 39. h4 a5 40. Kc2 g6 41. Kd3 a4 42. Bc7 Nb2+ 43. Kc2 Nc4 44. Kd3 Kf6 45. Bd8+ Kf5 46. Bc7 1/2-1/2


[Site "https://www.chess.com"]

[Event "Titled Tuesday Blitz April 18 Early 2023"]
[White "Itkis, Boris"]
[Black "Erzhanov, Arman"]
[WhiteFideId "1209167"]
[BlackFideId "4138821"]
[WhiteElo "2216"]
[BlackElo "2138"]
[Result "0-1"]
[Round "06"]
[TimeControl "180+2"]
[Date "2023.04.18"]
[WhiteClock "0:00:08"]
[BlackClock "0:00:50"]

1. c4 c5 2. Nf3 Nc6 3. g3 g6 4. Bg2 Bg7 5. O-O e6 6. Nc3 Nge7 7. e3 Nf5 8. b3 d5 9. cxd5 exd5 10. Bb2 O-O 11. Rc1 b6 12. Na4 Ba6 13. Bxg7 Kxg7 14. Re1 Nb4 15. Nb2 Nxa2 16. Ra1 Nb4 17. d4 f6 18. Qd2 Qd6 19. Rec1 Rac8 20. Rd1 Rfd8 21. dxc5 bxc5 22. Ne1 Qe5 23. Ned3 Nxd3 24. Nxd3 Bxd3 25. Qxd3 c4 26. bxc4 dxc4 27. Rxa7+ Kh6 28. Qxd8 Rxd8 29. Rxd8 Nxe3 30. Bf3 Qc3 31. Rdd7 Qe1# 0-1


[Site "https://www.chess.com"]

[Event "Titled Tuesday Blitz April 18 Early 2023"]
[White "Jovic, Stanoje"]
[Black "Karthik Sai Ch"]
[WhiteFideId "905020"]
[BlackFideId "46649484"]
[WhiteElo "2236"]
[BlackElo "2003"]
[Result "1-0"]
[Round "06"]
[TimeControl "180+2"]
[Date "2023.04.18"]
[WhiteClock "0:01:25"]
[BlackClock "0:01:16"]

1. c4 c6 2. e4 d5 3. exd5 cxd5 4. cxd5 Nf6 5. Qa4+ Bd7 6. Qb3 Qb6 7. Bc4 g6 8. Nc3 Bg7 9. d3 O-O 10. Be3 Qxb3 11. axb3 Bf5 12. Nge2 Nbd7 13. Rxa7 Rxa7 14. Bxa7 Ra8 15. Be3 Ra1+ 16. Bc1 Nb6 17. O-O Nxc4 18. dxc4 Bc2 19. Nd4 Bd3 20. Rd1 Nxd5 21. cxd5 Bxd4 22. Rxd3 Rxc1+ 23. Rd1 Rxd1+ 24. Nxd1 Kg7 25. Kf1 Kf6 26. Ke2 Ke5 27. Kd3 Kxd5 28. Nc3+ Bxc3 29. bxc3 b5 30. c4+ bxc4+ 31. bxc4+ Kc5 32. f4 f6 33. g4 h5 34. f5 gxf5 35. gxh5 f4 36. h6 f3 37. h7 f2 38. Ke2 1-0


[Site "https://www.chess.com"]

[Event "Titled Tuesday Blitz April 18 Early 2023"]
[White "Ramirez Vido, Robert Yorisan"]
[Black "Pourkashiyan, Atousa"]
[WhiteFideId "3513823"]
[BlackFideId "12502014"]
[WhiteElo "2439"]
[BlackElo "2228"]
[Result "0-1"]
[Round "06"]
[TimeControl "180+2"]
[Date "2023.04.18"]
[WhiteClock "0:00:03"]
[BlackClock "0:00:23"]

1. f4 d5 2. Nf3 c5 3. g3 Nc6 4. d3 Bg4 5. Bg2 e6 6. O-O Nf6 7. Ne5 Bd6 8. Nxc6 bxc6 9. h3 Bh5 10. g4 Bg6 11. Nc3 h5 12. f5 exf5 13. gxf5 Bh7 14. e4 d4 15. Ne2 Nd7 16. Bf4 Ne5 17. Ng3 h4 18. Nh5 g6 19. fxg6 Bxg6 20. Ng7+ Kd7 21. Nf5 Bc7 22. Bxe5 Bxe5 23. Qg4 Kc7 24. b4 cxb4 25. Rab1 a5 26. a3 c5 27. axb4 axb4 28. c3 dxc3 29. d4 c2 30. dxe5 cxb1=Q 31. Rxb1 Qd3 32. Rd1 Bxf5 33. exf5 Qe3+ 34. Kh1 Qxe5 35. Qf3 Kb6 36. Qc6+ Ka5 0-1


[Site "https://www.chess.com"]

[Event "Titled Tuesday Blitz April 18 Early 2023"]
[White "Palczert, Matyas"]
[Black "Inepton_Fermion"]
[WhiteFideId "784958"]
[WhiteElo "2224"]
[BlackElo "2259"]
[Result "1-0"]
[Round "06"]
[TimeControl "180+2"]
[Date "2023.04.18"]
[WhiteClock "0:00:11"]
[BlackClock "0:00:01"]

1. e4 g6 2. Nf3 Bg7 3. d4 d6 4. Be2 e5 5. dxe5 dxe5 6. Qxd8+ Kxd8 7. O-O c6 8. Nbd2 Nd7 9. Nc4 Kc7 10. Rd1 f6 11. b3 Nh6 12. Ba3 Bf8 13. Nd6 Nb6 14. c4 Be6 15. c5 Nd7 16. b4 b5 17. Bb2 Be7 18. a4 a6 19. a5 Nf7 20. Nxf7 Bxf7 21. Rd2 Rhd8 22. Rad1 Nf8 23. Rxd8 Rxd8 24. g4 Ne6 25. Rxd8 Bxd8 26. g5 Nxg5 27. Nxg5 fxg5 28. Bxe5+ Kd7 29. Kf1 h5 30. h3 Be6 31. Kg2 Be7 32. Bc3 Ke8 33. Bf3 Kf7 34. Bd2 Ke8 35. Be2 Kd7 36. Bd3 Bf7 37. f4 gxf4 38. Bxf4 Bf6 39. e5 Be7 40. Bd2 g5 41. Be4 Be6 42. Kg3 h4+ 43. Kh2 Bf7 44. Bf5+ Be6 45. Be4 Bc4 46. Kg2 1-0


[Site "https://www.chess.com"]

[Event "Titled Tuesday Blitz April 18 Early 2023"]
[White "Barwinska, Ewa"]
[Black "Andreev, Konstantin"]
[WhiteFideId "21833761"]
[BlackFideId "24239305"]
[WhiteElo "1908"]
[BlackElo "2106"]
[Result "0-1"]
[Round "06"]
[TimeControl "180+2"]
[Date "2023.04.18"]
[WhiteClock "0:00:15"]
[BlackClock "0:01:17"]

1. e4 c5 2. Nf3 e6 3. c3 d5 4. e5 d4 5. cxd4 cxd4 6. Qa4+ Nc6 7. Bb5 Bd7 8. Bxc6 Bxc6 9. Qxd4 Qxd4 10. Nxd4 Bxg2 11. Rg1 Bd5 12. Nc3 Ne7 13. Ndb5 Rb8 14. Nd6+ Kd7 15. Nxf7 Rg8 16. Nd6 Nc6 17. Nf7 Ke7 18. Nh6 Rh8 19. Ng4 h5 20. Nxd5+ exd5 21. Ne3 Nxe5 22. Nxd5+ Kd6 23. Rg5 Nf3+ 24. Ke2 Nxg5 25. Nf4 Be7 26. d3 Bf6 27. Ng6 Rhe8+ 28. Kf1 Kd7 29. Bf4 Rbc8 30. h4 Ne6 31. Be3 Rc2 32. Rd1 Nd4 33. Nf4 Rxb2 34. Nxh5 Nf3 35. d4 Bxh4 36. Nxg7 Rxe3 37. fxe3 Rf2# 0-1


[Site "https://www.chess.com"]

[Event "Titled Tuesday Blitz April 18 Early 2023"]
[White "Mazurkiewicz, Michal"]
[Black "Kiseljova, Marya"]
[WhiteFideId "1124943"]
[BlackFideId "4155009"]
[WhiteElo "2054"]
[BlackElo "1851"]
[Result "1-0"]
[Round "06"]
[TimeControl "180+2"]
[Date "2023.04.18"]
[WhiteClock "0:02:15"]
[BlackClock "0:00:29"]

1. e4 c5 2. Nf3 Nc6 3. g3 g6 4. Bg2 Bg7 5. O-O Nf6 6. d3 O-O 7. Re1 d6 8. e5 dxe5 9. Nxe5 Nxe5 10. Rxe5 Bg4 11. Qe1 Qb6 12. Nc3 Be6 13. Na4 Qb4 14. Nxc5 Ng4 15. Qxb4 Bxe5 16. Nxe6 fxe6 17. Qxg4 Kg7 18. Qxe6 Bd6 19. h4 Rf6 20. Qe4 Raf8 21. Be3 b6 22. Bd4 e5 23. Bxe5 Bxe5 24. Qxe5 Kg8 25. Bd5+ Kg7 26. Re1 a5 27. Re3 h5 28. Rf3 a4 29. Rxf6 Rxf6 30. Qe7+ Kh6 31. Qxf6 Kh7 32. Bf7 g5 33. hxg5 h4 34. g6+ Kh6 35. g7+ Kh7 36. g8=B# 1-0


[Site "https://www.chess.com"]

[Event "Titled Tuesday Blitz April 18 Early 2023"]
[White "Valle Maytin, Luis Enrique"]
[Black "dDobravcan"]
[WhiteFideId "3503666"]
[WhiteElo "2225"]
[BlackElo "2171"]
[Result "1-0"]
[Round "06"]
[TimeControl "180+2"]
[Date "2023.04.18"]
[WhiteClock "0:00:07"]
[BlackClock "0:00:11"]

1. d4 d6 2. Nf3 Bg4 3. b3 Nd7 4. Bb2 c6 5. h3 Bh5 6. Nbd2 Ngf6 7. g4 Bg6 8. Bg2 e5 9. dxe5 dxe5 10. Nxe5 Nxe5 11. Bxe5 h5 12. g5 Nd7 13. Bf4 h4 14. O-O Be7 15. Nf3 Qa5 16. Qd4 O-O-O 17. Qxg7 Qf5 18. e3 Qa5 19. Rfd1 Rhg8 20. Qb2 Be4 21. b4 Bxb4 22. Rab1 c5 23. c3 Bxc3 24. Qb5 Qxa2 25. Nxh4 Bxg2 26. Kxg2 Nb6 27. Qxc5# 1-0


[Site "https://www.chess.com"]

[Event "Titled Tuesday Blitz April 18 Early 2023"]
[White "Jaivardhan Raj"]
[Black "Szyszylo, Rafal"]
[WhiteFideId "25744437"]
[BlackFideId "1109626"]
[WhiteElo "1772"]
[BlackElo "1951"]
[Result "1-0"]
[Round "06"]
[TimeControl "180+2"]
[Date "2023.04.18"]
[WhiteClock "0:00:21"]
[BlackClock "0:00:47"]

1. e4 g6 2. d4 d6 3. Nf3 Nf6 4. Nc3 Bg7 5. Bf4 c6 6. Qd2 h5 7. Bd3 b5 8. O-O Bg4 9. Ng5 Qb6 10. Be3 Qc7 11. a4 b4 12. Ne2 a5 13. Bc4 O-O 14. h3 Bxe2 15. Qxe2 d5 16. exd5 cxd5 17. Bd3 Nc6 18. Nf3 Rfe8 19. Qd2 e5 20. dxe5 Nxe5 21. Nxe5 Qxe5 22. c3 bxc3 23. bxc3 Ne4 24. Bxe4 Qxe4 25. Bd4 Bxd4 26. cxd4 Qe2 27. Rfd1 Re4 28. Qc3 Rf4 29. Qg3 Qe4 30. Ra3 Rc8 31. Re3 Qf5 32. Re5 Qf6 33. Rxd5 Rc4 34. Rxa5 Rfxd4 35. Ra8+ Kg7 36. Rxd4 Qxd4 37. Qb8 Rxa4 38. Qh8# 1-0


[Site "https://www.chess.com"]

[Event "Titled Tuesday Blitz April 18 Early 2023"]
[White "Flis, Pawel"]
[Black "DeyanKostov"]
[WhiteFideId "1112864"]
[WhiteElo "1822"]
[BlackElo "2336"]
[Result "1/2-1/2"]
[Round "06"]
[TimeControl "180+2"]
[Date "2023.04.18"]
[WhiteClock "0:00:17"]
[BlackClock "0:00:28"]

1. e4 c5 2. Nf3 d6 3. d4 Nf6 4. Nc3 cxd4 5. Nxd4 Nc6 6. f3 e5 7. Nb3 Be7 8. Nd5 Nxd5 9. exd5 Nb8 10. c4 O-O 11. Be2 f5 12. O-O Nd7 13. f4 Bf6 14. Be3 exf4 15. Bxf4 Ne5 16. Kh1 Ng6 17. Bc1 Be5 18. Qe1 Bd7 19. Rb1 Qe7 20. Bh5 Rae8 21. Bd2 b6 22. Bc3 Qg5 23. Bxg6 hxg6 24. Bxe5 Rxe5 25. Qf2 Rfe8 26. Rbe1 Qe7 27. Rxe5 Qxe5 28. h3 g5 29. Nd4 f4 30. Nc6 Bxc6 31. dxc6 Qe4 32. Qf3 Qxf3 33. Rxf3 Rc8 34. Rd3 Rxc6 35. b3 Kf7 36. Rd5 Kf6 37. Kg1 a5 38. Kf2 a4 39. Kf3 axb3 40. axb3 g6 41. Kg4 b5 42. Rxb5 Rc5 43. Rb6 Ke5 44. Kxg5 Ke4+ 45. Kg4 d5 46. cxd5 Rxd5 47. Rb4+ Ke3 48. Rxf4 Rb5 49. Rf3+ Ke4 50. Rc3 Ke5 51. g3 Kf6 52. h4 Kg7 53. Kf4 Kh6 54. g4 Rb4+ 55. Kf3 Rb5 56. Ke3 Rb4 57. Kf3 Rb5 58. Kg3 Rb4 59. Kf3 1/2-1/2


[Site "https://www.chess.com"]

[Event "Titled Tuesday Blitz April 18 Early 2023"]
[White "Torres Dominguez, David"]
[Black "Zaichenko, Daria"]
[WhiteFideId "2220857"]
[BlackFideId "4197453"]
[WhiteElo "1999"]
[BlackElo "2039"]
[Result "1-0"]
[Round "06"]
[TimeControl "180+2"]
[Date "2023.04.18"]
[WhiteClock "0:01:42"]
[BlackClock "0:01:35"]

1. e4 c5 2. Nc3 Nc6 3. Bb5 Nd4 4. Bc4 g6 5. Nf3 Bg7 6. Nxd4 cxd4 7. Qf3 Nf6 8. e5 dxc3 9. exf6 Bxf6 10. dxc3 O-O 11. Bh6 Bg7 12. Bxg7 Kxg7 13. O-O-O d6 14. h4 Qa5 15. h5 Bf5 16. Kb1 b5 17. Bd3 Bxd3 18. Rxd3 h6 19. hxg6 fxg6 20. Qe3 h5 21. Qxe7+ Rf7 22. Qxd6 Rxf2 23. Qd4+ Rf6 24. a3 Rf8 25. g4 hxg4 26. Qxg4 Rf1+ 27. Rxf1 Rxf1+ 28. Ka2 Rf7 29. Rd6 Rf6 30. Qd4 1-0


[Site "https://www.chess.com"]

[Event "Titled Tuesday Blitz April 18 Early 2023"]
[White "Clawitter, Craig"]
[Black "Fiorito, Francisco"]
[WhiteFideId "2023105"]
[BlackFideId "180165"]
[WhiteElo "2248"]
[BlackElo "2341"]
[Result "0-1"]
[Round "06"]
[TimeControl "180+2"]
[Date "2023.04.18"]
[WhiteClock "0:00:12"]
[BlackClock "0:00:14"]

1. e4 c5 2. Nf3 Nc6 3. d4 cxd4 4. Nxd4 g6 5. Nc3 Bg7 6. Be3 Nf6 7. Bc4 O-O 8. Bb3 Re8 9. O-O d6 10. h3 Na5 11. Re1 b6 12. Bg5 Bb7 13. Bxf6 Bxf6 14. Nd5 Nxb3 15. axb3 Bg7 16. Nb5 Bxd5 17. exd5 a6 18. Nd4 Qc7 19. c3 Qc5 20. Nc6 e6 21. b4 Qc4 22. Qf3 Bf8 23. dxe6 fxe6 24. Nd4 e5 25. Nc2 Bg7 26. Ne3 Qe6 27. Qd5 Kf7 28. Rad1 Red8 29. Qxe6+ Kxe6 30. Nd5 Rab8 31. Nc7+ Kd7 32. Nd5 Bh6 33. Rd3 a5 34. f3 axb4 35. Nxb4 b5 36. Rd5 Ke6 37. Red1 Be3+ 38. Kf1 Rb6 39. Ke2 Bc5 40. Nd3 Rc8 41. Nxc5+ dxc5 42. Rd7 h5 43. Rg7 Kf6 44. Rdd7 c4 45. h4 b4 46. Rdf7+ Ke6 47. Re7+ Kd5 48. Rd7+ Kc5 49. Rc7+ Rxc7 50. Rxc7+ Kb5 51. cxb4 Kxb4 52. Rg7 Kb3 53. Ke3 Kxb2 54. Rc7 c3 55. Ke4 Rb5 56. g4 c2 57. gxh5 gxh5 58. Kf5 c1=Q 59. Rxc1 Kxc1 60. Ke4 Kd2 0-1


[Site "https://www.chess.com"]

[Event "Titled Tuesday Blitz April 18 Early 2023"]
[White "Simonovic, Miroslav"]
[Black "Birkisson, Bardur Orn"]
[WhiteFideId "919152"]
[BlackFideId "2310597"]
[WhiteElo "2042"]
[BlackElo "2062"]
[Result "0-1"]
[Round "06"]
[TimeControl "180+2"]
[Date "2023.04.18"]
[WhiteClock "0:00:18"]
[BlackClock "0:00:11"]

1. d4 Nf6 2. Bg5 Ne4 3. Bf4 d5 4. Nd2 Bf5 5. Nxe4 Bxe4 6. f3 Bg6 7. e3 e6 8. Bd3 Be7 9. Ne2 O-O 10. Bg3 c5 11. c3 Nc6 12. h4 Bxd3 13. Qxd3 cxd4 14. Nxd4 Bd6 15. Bxd6 Qxd6 16. O-O-O Ne5 17. Qe2 Nc4 18. Kb1 b5 19. e4 dxe4 20. Nxb5 Qc5 21. b3 Qxb5 22. Qxc4 Qxc4 23. bxc4 exf3 24. gxf3 Rfc8 25. Rd4 Kf8 26. Kc2 Rc7 27. Rhd1 Ke8 28. h5 Rac8 29. Kd3 Rc5 30. h6 gxh6 31. Rg1 Ke7 32. Rg7 Rf5 33. Ke3 h5 34. Rxh7 Rc6 35. f4 Ra6 36. Rh8 Rxa2 37. Rhd8 Kf6 38. R4d7 a5 39. Ra8 a4 40. Rda7 Rc2 41. Kd3 Rf2 42. Rxa4 R5xf4 43. R4a7 R4f3+ 44. Kd4 h4 45. Rh8 h3 46. Rh7 Kg6 47. Rh4 h2 48. Ra8 Rf4+ 49. Rxf4 Rxf4+ 50. Ke3 h1=Q 51. Rg8+ Kh7 52. Rh8+ Kxh8 53. Kxf4 Qc6 54. Ke5 Qxc4 55. Kf6 Qxc3+ 56. Ke7 Qg7 57. Ke8 Kh7 58. Kd7 f5+ 59. Kd6 f4 60. Kxe6 f3 61. Kd5 f2 62. Ke4 f1=Q 0-1


[Site "https://www.chess.com"]

[Event "Titled Tuesday Blitz April 18 Early 2023"]
[White "Namitbir Singh Walia"]
[Black "Quirke, Jeffrey"]
[WhiteFideId "35071068"]
[BlackFideId "2013029"]
[WhiteElo "2239"]
[BlackElo "2243"]
[Result "1-0"]
[Round "06"]
[TimeControl "180+2"]
[Date "2023.04.18"]
[WhiteClock "0:00:05"]
[BlackClock "0:00:03"]

1. e4 Nf6 2. e5 Nd5 3. d4 d6 4. exd6 exd6 5. c4 Nb6 6. Nc3 Be7 7. Be2 O-O 8. Nf3 Bf6 9. O-O Nc6 10. h3 Bf5 11. b3 Re8 12. Bb2 a5 13. d5 Nb4 14. a3 Na6 15. Nd4 Bg6 16. Re1 Nd7 17. Ncb5 Nac5 18. b4 axb4 19. axb4 Rxa1 20. Bxa1 Na6 21. Bc3 h6 22. Bf1 Rxe1 23. Qxe1 Be5 24. g3 Qg5 25. Kh2 h5 26. f4 Bxf4 27. gxf4 Qxf4+ 28. Kg1 Ne5 29. Bg2 Nxc4 30. Qf1 Qe3+ 31. Qf2 Qxf2+ 32. Kxf2 Ne5 33. Nf3 Nxf3 34. Bxf3 1-0


[Site "https://www.chess.com"]

[Event "Titled Tuesday Blitz April 18 Early 2023"]
[White "Larina, Maria"]
[Black "Kielinkei"]
[WhiteFideId "24113182"]
[WhiteElo "1848"]
[BlackElo "2445"]
[Result "0-1"]
[Round "06"]
[TimeControl "180+2"]
[Date "2023.04.18"]
[WhiteClock "0:00:02"]
[BlackClock "0:00:16"]

1. e4 c5 2. Nc3 a6 3. g3 b5 4. Bg2 Bb7 5. d3 e6 6. Nf3 d5 7. exd5 exd5 8. d4 Nf6 9. O-O b4 10. Re1+ Be7 11. Na4 c4 12. Nc5 Bc8 13. a3 bxa3 14. Rxa3 O-O 15. Ne5 Ra7 16. Be3 Qb6 17. Ra2 Nc6 18. b3 cxb3 19. cxb3 h6 20. Na4 Qb7 21. Qc2 Nb4 22. Qd2 Nxa2 23. Qxa2 Bd7 24. Nc5 Bxc5 25. dxc5 Bc6 26. b4 Nd7 27. Nxd7 Qxd7 28. Rd1 Rd8 29. Bf4 d4 30. Bd6 Bxg2 31. Kxg2 Qc6+ 32. Kg1 Rxd6 33. cxd6 Qxd6 34. Qb2 Rd7 35. Qa3 d3 36. Rd2 Rd8 37. Qc3 Qd5 38. Qc5 Qb3 39. Kg2 Rd5 40. Qc8+ Kh7 41. Qg4 g6 42. Qe4 Rd8 43. Qe7 Qd5+ 44. Kg1 Rd7 45. Qe3 Kg7 46. f3 Kh7 47. Kf2 Qc4 48. Qe4 Qb5 49. Ke3 Qb6+ 50. Kf4 Rd4 51. Rxd3 Rxe4+ 52. fxe4 Qxb4 53. Rd7 Qb8+ 54. e5 Kg7 55. Re7 Qb4+ 56. Kf3 Qxe7 0-1


[Site "https://www.chess.com"]

[Event "Titled Tuesday Blitz April 18 Early 2023"]
[White "Kozelov, Roman"]
[Black "Bashirli, Saadat"]
[WhiteFideId "14133377"]
[BlackFideId "13429990"]
[WhiteElo "2149"]
[BlackElo "1408"]
[Result "0-1"]
[Round "06"]
[TimeControl "180+2"]
[Date "2023.04.18"]
[WhiteClock "0:01:09"]
[BlackClock "0:00:09"]

1. e4 c6 2. d4 d5 3. e5 Bf5 4. Bd3 Bxd3 5. Qxd3 e6 6. Ne2 Ne7 7. O-O Nf5 8. Ng3 Nxg3 9. fxg3 Be7 10. Nd2 O-O 11. Nf3 c5 12. c3 Nc6 13. Kh1 Qb6 14. a3 Na5 15. b4 cxb4 16. cxb4 Nc4 17. Bg5 Bxg5 18. Nxg5 g6 19. Rf4 Kg7 20. Raf1 Qc7 21. Rxf7+ Rxf7 22. Nxe6+ Kg8 23. Nxc7 Rxc7 24. Qf3 Nd2 25. Qxd5+ Kg7 26. Qd6 Rac8 27. Rg1 Ne4 28. Qxc7+ Rxc7 29. Re1 Nf2+ 30. Kg1 Nd3 31. Rd1 Rc1 32. Rxc1 Nxc1 33. Kf2 Kf7 34. Ke3 Ke6 35. Ke4 Nb3 36. d5+ Ke7 37. g4 b5 38. h4 a6 39. g5 Kd7 40. g4 Ke7 41. h5 Kd7 42. Kd3 Ke7 43. Kc3 Nc1 44. Kd4 Nb3+ 45. Kc3 Nc1 46. Kd2 Nb3+ 47. Kc2 Nd4+ 48. Kc3 Nf3 49. Kd3 Nxe5+ 50. Kd4 Kd6 51. hxg6 hxg6 0-1


[Site "https://www.chess.com"]

[Event "Titled Tuesday Blitz April 18 Early 2023"]
[White "Avazkhonov, Alikhon"]
[Black "Broca Jimenez, Fernando"]
[WhiteFideId "14208504"]
[BlackFideId "5104742"]
[WhiteElo "1739"]
[BlackElo "2062"]
[Result "0-1"]
[Round "06"]
[TimeControl "180+2"]
[Date "2023.04.18"]
[WhiteClock "0:00:03"]
[BlackClock "0:00:04"]

1. d4 Nf6 2. c4 e6 3. Nc3 Bb4 4. e3 O-O 5. Bd3 c5 6. Ne2 d5 7. cxd5 exd5 8. O-O Nc6 9. a3 cxd4 10. axb4 dxc3 11. b5 cxb2 12. Bxb2 Ne7 13. Bxf6 gxf6 14. Nf4 Ng6 15. Qh5 Kg7 16. Ra4 Re8 17. Rd4 Re5 18. Qf3 f5 19. Nxd5 Qf8 20. Qg3 Be6 21. Nf4 Qe7 22. Nxe6+ Qxe6 23. h4 h5 24. Qg5 f4 25. Bxg6 Rxg5 26. Bxh5 Rxh5 27. Rxf4 Rf5 28. Rg4+ Kf8 29. Rg3 Rb8 0-1


[Site "https://www.chess.com"]

[Event "Titled Tuesday Blitz April 18 Early 2023"]
[White "Corredor Castellanos, Camilo"]
[Black "Kuchava, Ana"]
[WhiteFideId "4425871"]
[BlackFideId "13605348"]
[WhiteElo "1994"]
[BlackElo "2001"]
[Result "1-0"]
[Round "06"]
[TimeControl "180+2"]
[Date "2023.04.18"]
[WhiteClock "0:01:13"]
[BlackClock "0:00:06"]

1. e4 c5 2. Nf3 d6 3. d4 cxd4 4. Nxd4 Nf6 5. Nc3 Nc6 6. Be2 g6 7. O-O Bg7 8. Be3 O-O 9. f3 a6 10. Nxc6 bxc6 11. Na4 Rb8 12. c4 c5 13. Qc2 Bb7 14. e5 Nd7 15. exd6 exd6 16. Rad1 Nb6 17. Nxc5 Qe7 18. Ne4 Bxe4 19. fxe4 Nd7 20. b3 f5 21. Bf4 Ne5 22. exf5 Rxf5 23. Rd5 Rbf8 24. Bg3 Rxf1+ 25. Bxf1 Rxf1+ 26. Kxf1 Qf6+ 27. Kg1 Ng4 28. Qe2 Qa1+ 29. Rd1 Bd4+ 30. Kh1 Qc3 31. Qe6+ Kg7 32. Qxg4 Be5 33. Bxe5+ Qxe5 34. Qd4 1-0


[Site "https://www.chess.com"]

[Event "Titled Tuesday Blitz April 18 Early 2023"]
[White "KorolDimitriy75"]
[Black "Ciuffoletti, Paolo"]
[BlackFideId "807630"]
[WhiteElo "2390"]
[BlackElo "2143"]
[Result "0-1"]
[Round "06"]
[TimeControl "180+2"]
[Date "2023.04.18"]
[WhiteClock "0:00:10"]
[BlackClock "0:00:49"]

1. d4 d5 2. c4 c6 3. Nc3 Nf6 4. e3 a6 5. Nf3 b5 6. b3 Bg4 7. Be2 e6 8. O-O Nbd7 9. Bd2 Bd6 10. h3 Bh5 11. Rc1 O-O 12. Re1 Qe7 13. cxd5 cxd5 14. a4 b4 15. Na2 a5 16. Rc6 e5 17. dxe5 Nxe5 18. Nxe5 Bxe2 19. Qxe2 Qxe5 20. g3 Rfc8 21. Rec1 Rxc6 22. Rxc6 Bf8 23. Nc1 Ne4 24. Be1 h5 25. h4 g6 26. Kg2 Bg7 27. Nd3 Qa1 28. Qc2 Bc3 29. Bxc3 bxc3 30. Nf4 Qb2 31. Qd3 Qxf2+ 32. Kh1 Nxg3# 0-1


[Site "https://www.chess.com"]

[Event "Titled Tuesday Blitz April 18 Early 2023"]
[White "Tuleyeva-Aketayeva, Dana"]
[Black "Szente Varga, Fruzsina"]
[WhiteFideId "13701932"]
[BlackFideId "712264"]
[WhiteElo "2030"]
[BlackElo "1994"]
[Result "1-0"]
[Round "06"]
[TimeControl "180+2"]
[Date "2023.04.18"]
[WhiteClock "0:00:41"]
[BlackClock "0:01:01"]

1. d4 Nf6 2. Nf3 g6 3. g3 Bg7 4. Bg2 d5 5. O-O O-O 6. c4 dxc4 7. Ne5 Be6 8. Bxb7 Bd5 9. Bxa8 Bxa8 10. Nc3 Nc6 11. Nf3 Nd5 12. e4 Ndb4 13. Be3 Nd3 14. Qa4 Nxd4 15. Nxd4 Bxd4 16. Qxc4 Bxe3 17. fxe3 Ne5 18. Qd4 Ng4 19. Qxd8 Rxd8 20. Rfd1 Rb8 21. b3 Bc6 22. h3 Nxe3 23. Rd3 Nc2 24. Rc1 Nb4 25. Rd4 Be8 26. Nd5 Nxa2 27. Ra1 e6 28. Nf6+ Kg7 29. Nxe8+ 1-0


[Site "https://www.chess.com"]

[Event "Titled Tuesday Blitz April 18 Early 2023"]
[White "Osuna Vega, Enrique"]
[Black "Derichs, Roger"]
[WhiteFideId "2219549"]
[BlackFideId "4630076"]
[WhiteElo "2126"]
[BlackElo "2323"]
[Result "1-0"]
[Round "06"]
[TimeControl "180+2"]
[Date "2023.04.18"]
[WhiteClock "0:00:08"]
[BlackClock "0:00:05"]

1. e4 e6 2. d4 d5 3. Nc3 Bb4 4. Ne2 Nc6 5. e5 Nge7 6. a3 Ba5 7. b4 Bb6 8. Na4 O-O 9. c3 Bd7 10. Nxb6 axb6 11. Ng3 f6 12. exf6 Rxf6 13. Bd3 e5 14. dxe5 Nxe5 15. Be2 h6 16. O-O Ba4 17. Qd4 N7c6 18. Qh4 Rf8 19. Qh3 Qc8 20. Qh4 Qe6 21. f4 Ng6 22. Qh5 Qf7 23. Bd3 Nge7 24. Qh3 Bb3 25. f5 Ne5 26. Bb1 Bc4 27. Rf2 Nd3 28. Bxd3 Bxd3 29. f6 Ng6 30. Be3 Kh7 31. Nh5 Ne5 32. fxg7 Qxf2+ 33. Bxf2 Rf7 34. Bd4 Re8 35. Bxe5 Rxe5 36. Qxd3+ Kg8 37. Rf1 1-0


[Site "https://www.chess.com"]